 Dungeon Crawl Stone Soup version 0.30.1-11-g7821555f0a (webtiles) character file.

Game seed: 13384037799955699431

1458 BigPumpCobain the Ruffian (level 8, -3/88 (91) HPs)
             Began as a Yellow Draconian Transmuter on Dec 3, 2023.
             Slain by a wight
             ... wielding a +0 mace
              (4 damage)
             ... on level 6 of the Dungeon.
             The game lasted 00:14:22 (4298 turns).

BigPumpCobain the Ruffian (DrTm)                    Turns: 4298, Time: 00:14:22

HP:   -3/88 (91)    AC: 24    Str: 18    XL:     8   Next: 47%
MP:   14/14         EV:  2    Int: 16    God:
Gold: 245           SH:  0    Dex: 11    Spells: 12/16 levels left

rFire   . .          .
                       - Unarmed
rCold   . . .        (no shield)
rNeg    + . .        (body armour unavailable)
rPois   +            (helmet currently unavailable)
rElec   .            (cloak currently unavailable)
rCorr   .            (gloves currently unavailable)
SInv    .            (boots currently unavailable)
Will    .....        c - amulet of magic regeneration
Stlth   ++           n - ring "Opoezan" {*Corrode Fly rN+ Str+5}
HPRegen 0.34/turn    (no ring)
MPRegen 0.54/turn

%: corrode self (3%)
@: tree-form, lightly drained
A: stationary, stasis, torment immunity, boosted hp, (spit acid), AC +6,
unfitting armour, (cold-blooded), (acid resistance)
a: no special abilities


You were on level 6 of the Dungeon.
You were a tree.
You visited 1 branch of the dungeon, and saw 6 of its levels.

You collected 245 gold pieces.

Inventory:

Hand Weapons
 i - the +4 trident of Massacring {freeze, rF+}
   (You found it on level 2 of the Dungeon)

   rF:        It protects you from fire.
 l - a +1 short sword of venom
 o - a +3 glaive
Jewellery
 c - an amulet of magic regeneration (around neck)
 n - the ring "Opoezan" (left branch) {*Corrode Fly rN+ Str+5}
   (You found it on level 3 of the Dungeon)

   [ring of flight]

   Str:       It affects your strength (+5).
   rN:        It protects you from negative energy.
   Fly:       It grants you flight.
   *Corrode:  It may corrode you when you take damage.
 r - a ring of fire
Wands
 m - a wand of roots (7)
Scrolls
 a - a scroll of poison {unknown}
 b - a scroll of acquirement {unknown}
 d - 2 scrolls of fog {unknown}
 e - 2 scrolls of magic mapping {unknown}
 f - a scroll of enchant armour {unknown}
 g - a scroll of amnesia {unknown}
 j - 2 scrolls of identify {unknown}
 p - a scroll of blinking {unknown}
 q - a scroll of silence {unknown}
 u - 2 scrolls of teleportation {unknown}
 x - a scroll of noise {unknown}
Potions
 h - a potion of attraction {unknown}
 k - a potion of flight {unknown}
 s - a potion of haste {unknown}
 t - a potion of brilliance {unknown}
 w - a potion of curing {unknown}


   Skills:
 + Level 2.2 Fighting
 + Level 3.6 Dodging
 + Level 1.9 Stealth
 + Level 6.9 Unarmed Combat
 + Level 4.5 Spellcasting
 + Level 4.6 Transmutations
 + Level 3.2 Poison Magic


You had 12 spell levels left.
You knew the following spells:

 Your Spells              Type           Power      Damage    Failure   Level
a - Beastly Appendage     Tmut           36%        N/A       2%          1
b - Spider Form           Tmut/Pois      16%        N/A       10%         3

Your spell library contained the following spells:

 Spells                   Type           Power      Damage    Failure   Level
 Wereblood                Tmut           18%        N/A       3%          2
 Blink                    Tloc           6%         N/A       24%         2
 Lesser Beckoning         Tloc           6%         N/A       24%         2
 Momentum Strike          Conj/Tloc      6%         3d8       24%         2
 Sublimation of Blood     Necr           3%         N/A       24%         2
 Ice Form                 Ice/Tmut       11%        N/A       52%         4
 Summon Hydra             Summ           1%         N/A       100%        7


Dungeon Overview and Level Annotations

Branches:
Dungeon (6/15)
 Temple: D:4-7

Altars:
Hepliaklqana
Sif Muna
Uskayaw
Xom


Innate Abilities, Weirdness & Mutations

You are a tree.
Your roots penetrate the ground, keeping you stationary.
You cannot be teleported.
You are immune to unholy pain and torment.
Your maximum health is greatly increased.
Your equipment is partially melded.
((You can spit globs of acid.))
((Your golden yellow scales are hard. (AC +6)))
You cannot fit into any form of body armour.
((You are cold-blooded and may be slowed by cold attacks.))
((You are resistant to acid. (rCorr)))


Message History

You are too injured to fight recklessly!
You are too injured to fight recklessly!
You are too injured to fight recklessly!
You hit the wight but do no damage.
You hear some strange, mumbled words.
A puff of flame appears from out of thin air!
The puff of flame hits you.
* * * LOW HITPOINT WARNING * * *
The wight completely misses you. The wight barely misses you.
The wight hits you but does no damage.
Casting: Spider Form (dangerous; 10% risk of failure)
Confirm with . or Enter, or press ? or * to list all spells.
You are stuck in your current form!
You barely miss the wight. Something hits you but does no damage.
The wight hits you with a +0 mace.
* * * LOW HITPOINT WARNING * * *
You partially resist.
You feel drained.
The wight hits you but does no damage. x2
You barely miss the wight.
An orc wizard appears from thin air!
Reactivating autopickup.
You barely miss the wight.
The orc wizard points at you and mumbles some strange words.
The magic dart hits you but does no damage.
The wight hits you with a +0 scimitar!
* * * LOW HITPOINT WARNING * * *
You partially resist.
You feel drained.
* * * LOW HITPOINT WARNING * * *
The wight hits you but does no damage. x2
You hit the wight. You punch the wight, but do no damage.
The wight is lightly damaged.
The orc wizard completely misses you. The wight completely misses you.
The wight hits you but does no damage.
The wight hits you with a +0 short sword.
* * * LOW HITPOINT WARNING * * *
You hit the wight. You punch the wight.
The wight is heavily damaged.
The orc wizard hits you but does no damage.
The wight hits you with a +0 scimitar.
* * * LOW HITPOINT WARNING * * *
The wight hits you with a +0 mace.
You die...

...........##.###.......#.....#
.$..##.....#####........##....#
#....##...?..##.............#.#.
##.........)).##.............<...
##.##...###..#.............#...#
#......###............######.#.#
##.....# #......#......## ###
#....####....oz#.......#
###...#...##.z♣z......##
#............#.######
##.............# ##...........##
#....#......# #...##...#.##
#######..### ####


You could see 3 wights and an orc wizard.

Vanquished Creatures
  Menkaure (D:4)
  A water moccasin (D:3)
  2 black bears
  An ice beast (D:5)
  2 ogres
  2 scorpions
  A wight (D:6)
  2 howler monkeys (D:5)
  3 orc priests
  3 hounds (D:5)
  A gnoll bouda (D:5)
  A sleepcap (D:6)
  2 iguanas
  Natasha (thrice) (D:4)
  10 adders
  4 gnolls (D:5)
  2 ufetubi
  3 worms
  5 dart slugs
  14 orcs
  6 endoplasms (D:1)
  2 giant cockroaches
  4 goblins
  5 hobgoblins
  6 jackals
  4 quokkas
  6 ball pythons
  2 bats
  8 kobolds
  4 rats
110 creatures vanquished.

Notes
Turn   | Place    | Note
-------+----------+-------------------------------------------
     0 | D:1      | BigPumpCobain the Draconian Transmuter began the quest for
                  | the Orb.
     0 | D:1      | Reached XP level 1. HP: 16/16 MP: 3/3
   268 | D:1      | Reached XP level 2. HP: 23/23 MP: 5/5
   889 | D:2      | Reached XP level 3. HP: 26/28 MP: 6/6
   948 | D:2      | Found a faded altar of an unknown god.
   981 | D:2      | Learned a level 3 spell: Spider Form
   997 | D:2      | Found a shimmering altar of Xom.
  1270 | D:2      | Identified the +4 trident of Massacring {freeze, rF+}
  1481 | D:3      | Reached XP level 4. HP: 35/35 MP: 2/7
  1493 | D:3      | Noticed a water moccasin
  1505 | D:3      | Killed a water moccasin
  1506 | D:3      | Reached skill level 4 in Unarmed Combat
  1506 | D:3      | Reached XP level 5. HP: 30/40 MP: 5/9
  1885 | D:3      | Identified the ring "Opoezan" {*Corrode Fly rN+ Str+5}
  2377 | D:4      | Noticed Menkaure
  2394 | D:4      | Noticed a black bear
  2409 | D:4      | Killed Menkaure
  2410 | D:4      | Reached skill level 1 in Stealth
  2410 | D:4      | Reached skill level 1 in Poison Magic
  2410 | D:4      | Reached XP level 6. HP: 4/47 MP: 9/11
  2417 | D:4      | Reached skill level 5 in Unarmed Combat
  2418 | D:4      | HP: 2/70 [ogre/+0 giant spiked club (5)]
  2726 | D:4      | Noticed Natasha
  2732 | D:4      | Your scales start taking on a golden yellow colour.
  2732 | D:4      | Reached XP level 7. HP: 52/53 MP: 12/12
  2732 | D:4      | Gained mutation: You are resistant to acid. (rCorr) [Yellow
                  | Draconian growth]
  2736 | D:4      | Killed Natasha
  2965 | D:4      | Noticed Natasha
  2971 | D:4      | Killed Natasha
  3127 | D:4      | Noticed Natasha
  3132 | D:4      | Killed Natasha
  3312 | D:5      | Entered Level 5 of the Dungeon
  3514 | D:5      | Found a hide-covered altar of Uskayaw.
  3514 | D:5      | Found a shimmering blue altar of Sif Muna.
  3625 | D:5      | Reached skill level 6 in Unarmed Combat
  3695 | D:5      | Reached XP level 8. HP: 58/61 MP: 12/14
  3934 | D:5      | Found a hazy altar of Hepliaklqana.
  4298 | D:6      | HP: 1/88 [wight/+0 scimitar (6)]
  4298 | D:6      | Slain by a wight

Illustrated notes

Levels and vault maps discovered:
D:1:      elethiomel_arrival_infinity_welcomes_careful_drivers, layout_basic,
          serial_co_window_serial, co_window_corner_a,
          co_window_of_opportunity_a, co_window_of_opportunity_a,
          co_window_paths_b, co_window_paths_b, co_window_2corner,
          co_window_corner_cb, co_window_2corner, co_window_corner_ca,
          glass_columns_a, minmay_misc_feat_rows, minivault_14
D:2:      layout_basic, shapermc_ecumenical_altar_venn, basic_altar,
          nicolae_figureground_pulse
D:3:      layout_basic, corexii_shack, minmay_misc_feat_plants
D:4:      layout_loops_cross, uniq_natasha, uniq_menkaure
D:5:      layout_cave_pools, nzn_hepliaklqana_mist_gate,
          gammafunk_temple_overflow_elements
D:6:      layout_cave_pools, vehumet_statue, gup_sewer_entry_bowl

Skill      XL: |  1  2  3  4  5  6  7  8 |
---------------+-------------------------+-----
Dodging        | 2 3 |  3.6
Unarmed Combat | 4 5 6 |  6.9
Spellcasting   | 3 4 |  4.5
Transmutations | 3 4 |  4.6
Stealth        | 1 |  1.9
Poison Magic   | 1 2 3 |  3.2
Fighting       | 2 |  2.2

Action                     |  1- 3 |  4- 6 |  7- 9 || total
---------------------------+-------+-------+-------++-------
  Melee: Unarmed           |    78 |    86 |   141 ||   305
         Kick              |    14 |     4 |       ||    18
         Tailslap          |     8 |       |     2 ||    10
         Headbutt          |     7 |     3 |       ||    10
         Punch             |       |     1 |     2 ||     3
   Cast: Beastly Appendage |    22 |     6 |       ||    28
         Spider Form       |     2 |    13 |    20 ||    35
Ability: Breathe Acid      |       |       |     1 ||     1
    Use: Potion            |       |     1 |     1 ||     2
   Stab: Sleeping          |     1 |     2 |       ||     3
 Armour: Skin              |    19 |    13 |    14 ||    46
  Dodge: Dodged            |    46 |    69 |   118 ||   233
